 Dungeon Crawl Stone Soup version 0.29.1-13-g9f3cf754e1 (webtiles) character file.

Game seed: 9860791726681035253

142 hbarley the Chopper (level 5, 0/47 HPs)
             Began as a Hill Orc Fighter on Jan 30, 2023.
             Slain by a gnoll
             ... wielding a +0 club
              (5 damage)
             ... on level 2 of the Dungeon.
             The game lasted 00:03:57 (2039 turns).

hbarley the Chopper (Hill Orc Fighter)              Turns: 2039, Time: 00:03:58

Health: 0/47       AC:  7    Str: 19    XL:     5   Next: 24%
Magic:  5/5        EV:  9    Int:  8    God:
Gold:   82         SH:  4    Dex: 12    Spells: 4/4 levels left

rFire   . . .      SeeInvis .   a - +0 war axe
rCold   . . .      Faith    .   c - +0 buckler
rNeg    . . .      Spirit   .   b - +0 scale mail
rPois   .          Reflect  .   (no helmet)
rElec   .          Harm     .   (no cloak)
rCorr   .          Rampage  .   (no gloves)
Will    .....                   (no boots)
Stlth   ..........              (no amulet)
HPRegen 0.15/turn               (no ring)
MPRegen 0.09/turn               (no ring)

@: no status effects
A: no striking features
a: no special abilities


You were on level 2 of the Dungeon.
You visited 1 branch of the dungeon, and saw 3 of its levels.

You collected 82 gold pieces.

Inventory:

Hand Weapons
 a - a +0 war axe (weapon)
Armour
 b - a +0 scale mail (worn)
 c - a +0 buckler (worn)
Scrolls
 e - a scroll of brand weapon {unknown}
 g - 2 scrolls of teleportation {unknown}
 h - a scroll of immolation {unknown}
 i - 2 scrolls of blinking {unknown}
 j - 3 scrolls of identify {unknown}
 o - a scroll of fog {unknown}
 p - a scroll of poison {unknown}
Potions
 d - a potion of might
 f - a potion of heal wounds {unknown}
 k - 2 potions of berserk rage {unknown}
 l - a potion of magic {unknown}
 m - a potion of brilliance {unknown}
 n - a potion of curing {unknown}


   Skills:
 + Level 4.4 Fighting
 + Level 4.6 Axes
 + Level 4.2 Armour
 + Level 0.9 Dodging
 + Level 3.8 Shields


You had 4 spell levels left.
You didn't know any spells.
Your spell library was empty.

Dungeon Overview and Level Annotations

Branches:
Dungeon (3/15)

Altars:

Annotations:
D:3 Robin


Message History

You kill the goblin!
You hit the gnoll. You block the hobgoblin's attack.
The gnoll closely misses you. You block the goblin's attack.
The goblin hits you with a +0 dagger. The gnoll hits you with a +0 club.
The hobgoblin hits you.
You hit the hobgoblin.
The hobgoblin is moderately wounded.
You closely miss the gnoll. You barely miss the goblin.
The gnoll hits you with a +0 club. The hobgoblin hits you.
The goblin misses you.
You completely miss the hobgoblin.
The hobgoblin is moderately wounded.
You hit the gnoll. You barely miss the goblin.
The gnoll hits you with a +0 club.
* * * LOW HITPOINT WARNING * * *
The goblin barely misses you. You block the hobgoblin's attack.
You closely miss the gnoll.
The gnoll is severely wounded.
You hit the goblin but do no damage. You slash the hobgoblin!
You kill the hobgoblin!
The gnoll hits you with a +0 club.
* * * LOW HITPOINT WARNING * * *
The goblin hits you with a +0 dagger.
* * * LOW HITPOINT WARNING * * *
The goblin closely misses you. The gnoll completely misses you.
You barely miss the gnoll.
The gnoll is severely wounded.
You hit the goblin.
You kill the goblin!
You block the gnoll's attack.
You closely miss the gnoll.
The gnoll is severely wounded.
The gnoll hits you with a +0 club.
* * * LOW HITPOINT WARNING * * *
You hit the gnoll.
The gnoll is almost dead.
The gnoll hits you with a +0 club.
* * * LOW HITPOINT WARNING * * *
The gnoll hits you with a +0 club.
You die...

.###.#
##########.......#
..##.### #....†..#
.......# #.......#
##...#.# ####..###
..##...# ###### #.##
P.####.######....###.###
.P..##.†....#.##.......#
....##........##g).....#
.P.P###.....#.†)@......#
..##.##.....#.##)).....#
P.#..##.#####.##.......#
##...##.......##.......#
.#...##.....############
.#..<#(...........#
.#...#.....######.#
.#...'.....'.# #.#
.#####.>...#.# #.#


You could see a gnoll.

Vanquished Creatures
  Natasha (twice) (D:2)
  5 adders (D:2)
  A gnoll (D:1)
  An endoplasm (D:2)
  7 goblins
  6 hobgoblins
  3 jackals (D:1)
  2 quokkas (D:2)
  A ball python (D:1)
  2 bats
  2 frilled lizards
  3 kobolds
  5 rats
40 creatures vanquished.

Vanquished Creatures (others)
  2 demonic plants (D:2)
  A fungus (D:2)
  4 withered plants (D:2)
7 creatures vanquished.

Grand Total: 47 creatures vanquished

Notes
Turn   | Place    | Note
-------+----------+-------------------------------------------
     0 | D:1      | hbarley the Hill Orc Fighter began the quest for the Orb.
     0 | D:1      | Reached XP level 1. HP: 19/19 MP: 1/1
   155 | D:1      | Reached XP level 2. HP: 27/27 MP: 2/2
   703 | D:1      | Reached XP level 3. HP: 30/33 MP: 3/3
   913 | D:2      | Found a faded altar of an unknown god.
  1336 | D:2      | Reached XP level 4. HP: 17/40 MP: 4/4
  1734 | D:3      | Noticed Natasha
  1736 | D:3      | Noticed Robin
  1748 | D:2      | Killed Natasha
  1964 | D:2      | Noticed Natasha
  1973 | D:2      | Killed Natasha
  1974 | D:2      | Reached XP level 5. HP: 36/47 MP: 5/5
  2039 | D:2      | Slain by a gnoll

Illustrated notes

Levels and vault maps discovered:
D:1:      dpeg_arrival_round_a, layout_loops_cross
D:2:      layout_basic, shapermc_ecumenical_altar_gd, moated_statue
D:3:      layout_rooms, marbit_many_paths, mainiacjoe_overflow_six_doors_small,
          general_overflow_altar, dreamdust_mushroom_princess,
          nicolae_grassy_gnolls, uniq_natasha, uniq_robin

Skill      XL: |  1  2  3  4 |
---------------+-------------+-----
Fighting       | 4 |  4.4
Axes           | 3 4 |  4.6
Armour         | 4 |  4.2
Dodging        | |  0.9
Shields        | |  3.8

Action                   |  1- 3 |  4- 6 || total
-------------------------+-------+-------++-------
Melee: War axe           |   118 |    36 ||   154
Armor: Scale mail        |    70 |    21 ||    91
Dodge: Dodged            |    60 |    24 ||    84
Block: Buckler           |    25 |    14 ||    39
